 Dungeon Crawl Stone Soup version 0.29-a0-416-g83a48905f1 (webtiles) character file.

Game seed: 16168617194325876783

422 pokeman the Magician (level 6, 0/34 HPs)
             Began as a Deep Elf Hedge Wizard on May 16, 2022.
             Slain by an ogre
             ... wielding a +0 giant club
              (9 damage)
             ... on level 4 of the Dungeon.
             The game lasted 00:11:41 (5655 turns).

pokeman the Magician (Deep Elf Hedge Wizard)        Turns: 5655, Time: 00:11:42

Health: 0/34       AC:  5    Str:  7    XL:     6   Next: 63%
Magic:  13/18      EV: 12    Int: 21    God:
Gold:   235        SH:  0    Dex: 14    Spells: 8/19 levels left

rFire   . . .      SeeInvis .   g - +1 dagger (elec)
rCold   . . .      Faith    .   (no shield)
rNeg    . . .      Spirit   .   h - +0 leather armour
rPois   .          Reflect  .   t - +0 helmet
rElec   .          Harm     .   (no cloak)
rCorr   .          Rampage  .   (no gloves)
Will    +....                   D - +0 pair of boots
Stlth   ++........              (no amulet)
HPRegen 0.11/turn               e - ring of willpower
MPRegen 0.16/turn               (no ring)

@: very slightly contaminated
A: no striking features
a: no special abilities


You were on level 4 of the Dungeon.
You visited 1 branch of the dungeon, and saw 4 of its levels.
You also visited: Ossuary.

You collected 235 gold pieces.

Inventory:

Hand Weapons
 b - a +1 short sword of venom
 g - a +1 dagger of electrocution (weapon)
 l - a +0 hunting sling
Armour
 h - a +0 leather armour (worn)
 t - a +0 helmet (worn)
 D - a +0 pair of boots (worn)
Magical Staves
 r - a staff of cold
Jewellery
 e - a ring of willpower (left hand)
Wands
 u - a wand of polymorph (9)
 v - a wand of iceblast (8)
Scrolls
 a - 2 scrolls of noise {unknown}
 c - a scroll of fear {unknown}
 j - 6 scrolls of identify {unknown}
 n - a scroll of magic mapping {unknown}
 o - a scroll of enchant weapon {unknown}
 y - a scroll of teleportation {unknown}
 B - a scroll of immolation {unknown}
 C - a scroll of amnesia {unknown}
Potions
 d - 2 potions of magic
 f - a potion of lignification {unknown}
 i - a potion of ambrosia {unknown}
 k - 3 potions of heal wounds {unknown}
 m - 2 potions of haste {unknown}
 p - a potion of degeneration {unknown}
 q - a potion of cancellation {unknown}
 s - a potion of flight {unknown}
 w - a potion of attraction {unknown}
 x - a potion of might {unknown}
 z - a potion of berserk rage {unknown}
 A - 4 potions of curing {unknown}


   Skills:
 + Level 1.2 Fighting
 - Level 1.0 Armour
 - Level 3.0 Dodging
 - Level 3.0 Stealth
 * Level 7.3 Spellcasting
 + Level 3.3 Conjurations
 - Level 1.1 Summonings
 - Level 1.1 Translocations
 - Level 1.0 Fire Magic
 + Level 0.9 Ice Magic
 - Level 1.0 Air Magic
 - Level 1.0 Poison Magic
 - Level 1.0 Evocations


You had 8 spell levels left.
You knew the following spells:

 Your Spells              Type           Power      Damage    Failure   Level
a - Magic Dart            Conj           84%        1d7       3%          1
b - Mephitic Cloud        Conj/Pois/Air  15%        N/A       19%         3
c - Call Imp              Summ           12%        N/A       12%         2
d - Blink                 Tloc           24%        N/A       12%         2
e - Conjure Flame         Conj/Fire      16%        6-21      16%         3

Your spell library contained the following spells:

 Spells                   Type           Power      Damage    Failure   Level
 Apportation              Tloc           24%        N/A       8%          1
 Summon Small Mammal      Summ           48%        N/A       8%          1
 Sting                    Tmut/Pois      36%        1d4       10%         1
 Animate Skeleton         Necr           14%        N/A       12%         1
 Slow                     Hex            28%        N/A       12%         1
 Poisonous Vapours        Pois/Air       24%        N/A       12%         2
 Corpse Rot               Necr/Air       18%        N/A       16%         2


Dungeon Overview and Level Annotations

Branches:
Dungeon (4/15)            Ossuary (visited)
 Temple: D:4-7

Altars:
Gozag
Zin


Message History

You are very lightly contaminated with residual magic.
Nothing appears to happen.
Casting: Magic Dart (safe; 3% risk of failure)
Confirm with . or Enter, or press ? or * to list all spells.
Aiming: Magic Dart (safe; 3% risk of failure)
Press: ? - help, Shift-Dir - straight line, f/p - ball python
Aim: a ball python (asleep, 100% to hit)
The magic dart hits the ball python.
You kill the ball python!
The goblin shouts!
You hear a shout!
An ogre comes into view. It is wielding a +0 giant club.
Casting: Magic Dart (safe; 3% risk of failure)
Confirm with . or Enter, or press ? or * to list all spells.
Aiming: Magic Dart (safe; 3% risk of failure)
Press: ? - help, Shift-Dir - straight line, f - goblin
Aim: a goblin, wielding a +0 dagger (100% to hit)
The magic dart hits the goblin.
You kill the goblin!
The ogre shouts!
Casting: Magic Dart (safe; 3% risk of failure)
Confirm with . or Enter, or press ? or * to list all spells.
Aiming: Magic Dart (safe; 3% risk of failure)
Press: ? - help, Shift-Dir - straight line, f - ogre
Aim: an ogre, wielding a +0 giant club (100% to hit)
The magic dart hits the ogre.
The ogre is lightly wounded.
The ogre closely misses you.
Unknown command.
The ogre attacks as you move away! The ogre hits you with a +0 giant club!
Your magical contamination has completely faded away.
The ogre attacks as you move away!
The ogre hits you with a +0 giant club!!
Ouch! That really hurt!
* * * LOW HITPOINT WARNING * * *
Casting: Magic Dart (safe; 3% risk of failure)
Confirm with . or Enter, or press ? or * to list all spells.
You miscast Blink.
You are very lightly contaminated with residual magic.
Nothing appears to happen.
The ogre hits you with a +0 giant club!
You die...

#..## #..##..# #...
#..###..# #..# #...
#)#..#..# #..# #...
#.#.#...# #..####...
######.######....##...
#.....#.......#.##...
#......>.............
####O##.#######.##...
#@##.# #.##... #.##.#
#.##... #.##.# #.#####
#.##.# #.# #.##.# #.#
#.##.# #####.#####
##.##.###..........
#..................
#.....###.......)..


You could see an ogre.

Vanquished Creatures
  An ogre (D:4)
  2 water moccasin zombies (Ossuary)
  2 mummies (Ossuary)
  4 gnolls (D:3)
  5 adders
  4 adder zombies (Ossuary)
  4 worms
  2 orcs
  5 ball pythons
  4 endoplasms
  4 giant cockroaches
  3 gnoll zombies (Ossuary)
  8 goblins
  8 hobgoblins
  3 jackals (D:1)
  9 kobolds
  2 quokkas
  5 bats
  A frilled lizard (D:1)
  5 hobgoblin zombies (Ossuary)
  5 kobold zombies (Ossuary)
  5 orc zombies (Ossuary)
  8 rats
  2 rat zombies (D:4)
101 creatures vanquished.

Vanquished Creatures (others)
  A fungus (D:2)
  A plant (D:2)
2 creatures vanquished.

Grand Total: 103 creatures vanquished

Notes
Turn   | Place    | Note
-------+----------+-------------------------------------------
     0 | D:1      | pokeman the Deep Elf Hedge Wizard began the quest for the
                  | Orb.
     0 | D:1      | Reached XP level 1. HP: 10/10 MP: 7/7
   290 | D:1      | Reached XP level 2. HP: 10/15 MP: 4/9
  1203 | D:1      | Reached skill level 5 in Spellcasting
  1695 | D:1      | Reached XP level 3. HP: 20/20 MP: 9/11
  1699 | D:1      | Learned a level 3 spell: Mephitic Cloud
  1702 | D:1      | Learned a level 2 spell: Call Imp
  1705 | D:1      | Learned a level 2 spell: Blink
  1709 | D:1      | Learned a level 3 spell: Conjure Flame
  2271 | D:2      | Found a faded altar of an unknown god.
  2278 | D:2      | Got Plato's Reference Book on Shape Shifting
  2306 | D:2      | Reached skill level 1 in Fighting
  2647 | D:2      | Reached skill level 1 in Armour
  2956 | D:3      | Reached XP level 4. HP: 25/25 MP: 5/13
  3276 | D:3      | Reached skill level 1 in Fire Magic
  3555 | D:3      | Reached skill level 6 in Spellcasting
  3566 | D:3      | Reached XP level 5. HP: 24/29 MP: 6/15
  4042 | D:4      | Found a glowing silver altar of Zin.
  4042 | D:4      | Found an opulent altar of Gozag.
  4139 | D:4      | Found a sand-covered staircase.
  4149 | Ossuary  | Entered an ossuary
  4277 | Ossuary  | Reached skill level 1 in Air Magic
  4420 | Ossuary  | Reached XP level 6. HP: 8/34 MP: 9/17
  4697 | Ossuary  | Reached skill level 1 in Poison Magic
  4697 | Ossuary  | Reached skill level 1 in Evocations
  5084 | D:4      | Reached skill level 7 in Spellcasting
  5655 | D:4      | Slain by an ogre

Illustrated notes

Levels and vault maps discovered:
D:1:      dpeg_arrival_three_same_balls, layout_basic
D:2:      layout_rooms, shapermc_ecumenical_altar_rom_forum
D:3:      layout_basic
D:4:      minmay_diamond_boxcup, layout_basic,
          grunt_temple_overflow_gold_and_silver, enter_ossuary_4

Skill      XL: |  1  2  3  4  5  6 |
---------------+-------------------+-----
Spellcasting   | 5 6 7 |  7.3
Fighting       | 1 |  1.2
Armour         | 1 |  1.0
Conjurations   | 2 3 |  3.3
Fire Magic     | 1 |  1.0
Dodging        | 3 |  3.0
Air Magic      | 1 |  1.0
Stealth        | 3 |  3.0
Poison Magic   | 1 |  1.0
Evocations     | 1 |  1.0
Summonings     | |  1.1
Translocations | |  1.1
Ice Magic      | |  0.9

Action                   |  1- 3 |  4- 6 || total
-------------------------+-------+-------++-------
Melee: Dagger            |    15 |    51 ||    66
       Punch             |       |     1 ||     1
 Cast: Magic Dart        |   112 |    78 ||   190
       Mephitic Cloud    |       |     4 ||     4
       Conjure Flame     |       |     8 ||     8
       Blink             |       |     1 ||     1
       Call Imp          |       |     1 ||     1
 Stab: Confused          |       |     1 ||     1
       Distracted        |       |     1 ||     1
Armor: Robe              |     3 |       ||     3
       Leather armour    |     7 |    13 ||    20
Dodge: Dodged            |    15 |    24 ||    39

Table legend: (Time is in decaauts)
 A = Elapsed time spent in this place.
 B = Non-inter-level travel time spent in this place.
 C = Inter-level travel time spent in this place.
 D = Time resting spent in this place.
 E = Time spent auto-exploring this place.
 F = Levels seen in this place.
 G = Mean time per level.
                   A        B        C        D        E       F      G
               +--------+--------+--------+--------+--------+-----+--------+
         Total |   5653 |   5558 |     95 |    729 |   4029 |   5 | 1130.6 |
       Dungeon |   4840 |   4745 |     95 |    667 |   3445 |   4 | 1210.0 |
       Ossuary |    812 |    812 |      0 |     62 |    584 |   1 |  812.0 |
               +--------+--------+--------+--------+--------+-----+--------+

Top non-repeatable levels by time:
     D:1: 2017 daAuts
     D:3: 1143 daAuts
     D:4: 856 daAuts
     D:2: 823 daAuts
 Ossuary: 812 daAuts
